 Dungeon Crawl Stone Soup version 0.29.1-2-gbd0b4ee654 (webtiles) character file.

Game seed: 2773157100715986983

7048 Hiippo the Destroyer (level 10, -14/69 HPs)
             Began as a Green Draconian Conjurer on Nov 29, 2022.
             Killed from afar by an acid dragon (17 damage)
             ... with a splash of acid
             ... on level 10 of the Dungeon.
             The game lasted 02:14:25 (13836 turns).

Hiippo the Destroyer (Green Draconian Conjurer)    Turns: 13836, Time: 02:14:26

Health: -14/69     AC:  1    Str:  9    XL:     10   Next: 83%
Magic:  7/23       EV: 12    Int: 36    God:
Gold:   97         SH:  0    Dex:  9    Spells: 4/28 levels left

rFire   . . .      SeeInvis .   b - staff of conjuration
rCold   . . .      Faith    .   (no shield)
rNeg    . . .      Spirit   .   (body armour unavailable)
rPois   +          Reflect  .   (helmet restricted)
rElec   .          Harm     .   f - +1 cloak
rCorr   .          Rampage  .   (no gloves)
Will    .....                   (no boots)
Stlth   ++........              (no amulet)
HPRegen 0.21/turn               F - +6 ring of intelligence
MPRegen 0.18/turn               v - +6 ring of intelligence

@: short of breath, corroded, studying Axes, invisible, unable to read
A: breathe noxious fumes, AC +7, unfitting armour, poison resistance,
cold-blooded, stinger 1, passive freeze, inability to read after injury 1
a: Breathe Noxious Fumes


You were on level 10 of the Dungeon.
You visited 1 branch of the dungeon, and saw 10 of its levels.

You collected 531 gold pieces.
You spent 434 gold pieces at shops.

Inventory:

Hand Weapons
 d - a +1 dagger of venom
 j - a +0 quarterstaff
Missiles
 e - 2 throwing nets
Armour
 f - a +1 cloak (worn)
Magical Staves
 b - a staff of conjuration (weapon)
Jewellery
 p - the amulet of Youthful Indiscretion {rN+ Will- Regen+ Str+6 Dex+4}
   (You found it on level 4 of the Dungeon)

   [amulet of regeneration]

   Str:       It affects your strength (+6).
   Dex:       It affects your dexterity (+4).
   rN:        It protects you from negative energy.
   Regen:     It increases your rate of health regeneration.
   Will:      It decreases your willpower.
 t - a ring of protection from cold
 v - a +6 ring of intelligence (right hand)
 w - a +4 ring of protection
 z - a ring of protection from cold
 F - a +6 ring of intelligence (left hand)
Wands
 m - a wand of paralysis (23)
 x - a wand of flame (19)
 B - a wand of polymorph (5)
Scrolls
 a - a scroll of poison
 g - a scroll of fog {unknown}
 h - 3 scrolls of identify
 k - a scroll of enchant armour
 n - 2 scrolls of vulnerability {unknown}
 r - 3 scrolls of amnesia
 u - a scroll of torment {unknown}
 y - 2 scrolls of teleportation
 A - 2 scrolls of magic mapping
 E - a scroll of immolation
 G - a scroll of blinking
Potions
 c - 2 potions of attraction {unknown}
 i - 3 potions of flight
 l - 2 potions of mutation
 o - 2 potions of degeneration
 q - 2 potions of cancellation {unknown}
 s - 3 potions of curing
 D - 2 potions of haste


   Skills:
 + Level 6.8 Staves
 - Level 3.2 Dodging
 - Level 2.0 Stealth
 * Level 9.9 Spellcasting
 * Level 11.3 Conjurations


You had 4 spell levels left.
You knew the following spells:

 Your Spells              Type           Power      Damage    Failure   Level
a - Magic Dart            Conj           100%       1d8       1%          1
b - Searing Ray           Conj           100%       2d8       1%          2
c - Dazzling Flash        Conj/Hex       100%       N/A       1%          3
d - Tukima's Dance        Hex            17%        N/A       7%          3
e - Iskenderun's Mystic   Conj/Tloc      73%        2d15      2%          4
f - Fulminant Prism       Conj/Hex       36%        3d18      2%          4
g - Ozocubu's Armour      Ice            17%        N/A       7%          3
h - Olgreb's Toxic Radia  Pois           17%        N/A       24%         4

Your spell library contained the following spells:

 Spells                   Type           Power      Damage    Failure   Level
 Gell's Gravitas          Tloc           17%        N/A       7%          3
 Lesser Beckoning         Tloc           17%        N/A       7%          3
 Portal Projectile        Hex/Tloc       34%        N/A       7%          3
 Teleport Other           Tloc           17%        N/A       7%          3
 Blade Hands              Tmut           8%         N/A       54%         5
 Lee's Rapid Deconstruct  Erth           8%         3d8*      54%         5
 Ozocubu's Refrigeration  Ice            8%         4d9       100%        7
 Ignition                 Fire           8%         3d5       100%        8


Dungeon Overview and Level Annotations

Branches:
Dungeon (10/15)            Temple (0/1) D:7            Lair (0/5) D:9
    Orc: D:9-12

Altars:
Dithmenos
Nemelex Xobeh
Zin

Shops:
D:9 !

Annotations:
D:10 Erica


Innate Abilities, Weirdness & Mutations

You can breathe blasts of noxious fumes.
Your lurid green scales are hard. (AC +7)
You cannot fit into any form of body armour.
Your system is resistant to poisons. (rPois)
You are cold-blooded and may be slowed by cold attacks.
Your tail ends in a venomous barb.
A frigid envelope surrounds you and freezes all who hurt you.
You occasionally lose the ability to read scrolls when taking damage.


Message History

The acid dragon spits acid at you. The splash of acid misses you.
Erica is engulfed in noxious fumes.
Erica appears confused.
An orc warrior comes into view. It is wielding a +0 war axe.
The orc warrior shouts!
You hear a shout! x2
Okay, then.
Okay, then.
Aiming: Tukima's Dance (dangerous; 7% risk of failure)
Press: ? - help, Q - select action, (/) - cycle Shift-Dir - straight line, f - acid dragon
Aim: an acid dragon (severely wounded, not susceptible)
The acid dragon's front talons twitch.
You hear a shout!
The acid dragon spits acid at you. The splash of acid hits you!
You feel threatened and lose the ability to read scrolls!
The acid corrodes you!
The orc priest looks satisfied for a moment.
An orc comes into view. It is wielding a +0 dagger.
An orc priest comes into view. It is wielding a +0 trident.
You hear a shout!
Aiming: Throw Flame
Press: ? - help, Q - select action, (/) - cycle Shift-Dir - straight line, f/p - acid dragon
Aim: an acid dragon (severely wounded, catching its breath, 68% to hit)
The puff of flame hits the acid dragon!
The acid dragon is almost dead.
An orc comes into view. It is wielding a +0 short sword.
An orc comes into view. It is wielding a +0 mace.
Casting: Dazzling Flash (safe; 1% risk of failure)
Press: ? - help, Q - select action, (/) - cycle Dir - look around, f - activate You feel a surge of power!
The acid dragon is dazzled.
The acid dragon spits acid at you. The splash of acid hits you!!
* * * LOW HITPOINT WARNING * * *
You hear a shout! x2
You fade into invisibility!
You cannot read scrolls in your current state!
The acid dragon is no longer blind.
The acid dragon spits acid at something.
The splash of acid hits you!
You die...

######.........#.#.###.#####
##### #.#.##......#.# #.#
..... #.#.###...#.#.###.#
.o....#.#.###..##.......#
o..†..#.#...........#####
o.ooo.o.#####..###### #.#
#..# #o#####..# #..oD.@..#
########.# #.# #.# #.# .. ..
..


You could see an acid dragon (unable to see you, catching breath), an orc priest
(unable to see you) and an orc (unable to see you).

Vanquished Creatures
  A two-headed ogre (D:8)
  Joseph (D:9)
  Psyche (D:8)
  The ghost of warriortoast the Digger, a novice GrEE (D:3)
  2 trolls
  6 yaks (D:9)
  A water moccasin (D:9)
  4 black bears
  An orc warrior (D:8)
  2 sky beasts (D:7)
  3 ice beasts (D:9)
  4 ogres
  A wolf (D:9)
  2 centaurs
  3 kobold brigands
  A gnoll sergeant (D:5)
  3 necrophages
  5 scorpions
  3 bullfrogs (D:8)
  3 wights (D:8)
  A water moccasin skeleton (D:5)
  9 killer bees
  A howler monkey (D:9)
  3 jellies
  An electric eel (D:9)
  A bullfrog zombie (D:3)
  4 orc priests
  A bullfrog skeleton (D:5)
  A gnoll bouda (D:5)
  5 hounds
  6 iguanas
  8 orc wizards
  A centaur simulacrum (D:9)
  5 gnolls (D:5)
  14 adders
  A howler monkey skeleton (D:3)
  A shadow imp (D:7)
  4 white imps
  An ufetubus (D:5)
  The ghost of gdog the Covert, a weakling GnDe (D:5)
  3 dart slugs
  29 orcs
  3 bats
  2 endoplasms (D:1)
  5 giant cockroaches
  16 goblins
  6 hobgoblins
  12 jackals
  3 quokkas
  6 ball pythons
  3 frilled lizards
  16 kobolds
  8 rats
  2 fulminant prisms
231 creatures vanquished.

Vanquished Creatures (others)
  3 dancing weapons
  9 fulminant prisms
  3 plants (D:5)
15 creatures vanquished.

Grand Total: 246 creatures vanquished

Notes
Turn   | Place    | Note
-------+----------+-------------------------------------------
     0 | D:1      | Hiippo the Draconian Conjurer began the quest for the Orb.
     0 | D:1      | Reached XP level 1. HP: 14/14 MP: 3/3
   379 | D:1      | Reached XP level 2. HP: 20/20 MP: 3/5
   382 | D:1      | Learned a level 2 spell: Searing Ray
  1451 | D:2      | Reached XP level 3. HP: 26/26 MP: 1/6
  1715 | D:2      | Found a faded altar of an unknown god.
  2512 | D:2      | Reached XP level 4. HP: 31/33 MP: 3/8
  2521 | D:2      | Learned a level 3 spell: Dazzling Flash
  2902 | D:3      | Found a transporter.
  2902 | D:3      | Noticed a necrophage
  2905 | D:3      | Found a transporter.
  2906 | D:3      | Noticed warriortoast's ghost (novice GrEE)
  3373 | D:3      | Noticed an ogre
  3376 | D:3      | Reached XP level 5. HP: 38/38 MP: 6/9
  3378 | D:3      | Killed an ogre
  3379 | D:3      | Reached skill level 5 in Conjurations
  4357 | D:3      | Identified a scroll of acquirement
  4357 | D:3      | Acquired a staff of conjuration
  4364 | D:3      | Gained mutation: Your tail ends in a venomous barb. [potion
                  | of mutation]
  4364 | D:3      | Gained mutation: A frigid envelope surrounds you and
                  | freezes all who hurt you. [potion of mutation]
  4364 | D:3      | Gained mutation: You have hidden genetic defects. [potion
                  | of mutation]
  4364 | D:3      | Gained mutation: Your spells are a little harder to cast,
                  | but a little more powerful. [potion of mutation]
  4445 | D:3      | Killed warriortoast's ghost
  4446 | D:3      | Reached skill level 1 in Staves
  4446 | D:3      | Reached XP level 6. HP: 44/45 MP: 6/12
  4447 | D:3      | Lost mutation: Your spells are a little harder to cast, but
                  | a little more powerful. [hidden defects]
  4454 | D:3      | Reached skill level 6 in Conjurations
  4454 | D:3      | Your scales start taking on a lurid green colour.
  4454 | D:3      | Reached XP level 7. HP: 43/50 MP: 2/13
  4454 | D:3      | Gained mutation: Your system is resistant to poisons.
                  | (rPois) [Green Draconian growth]
  4459 | D:3      | Gained mutation: You occasionally lose the ability to read
                  | scrolls when taking damage. [hidden defects]
  4459 | D:3      | Lost mutation: You have hidden genetic defects. [hidden
                  | defects expressed]
  4751 | D:4      | Learned a level 3 spell: Tukima's Dance
  5136 | D:4      | Identified the amulet of Youthful Indiscretion {rN+ Will-
                  | Regen+ Str+6 Dex+4}
  5674 | D:5      | Entered Level 5 of the Dungeon
  5699 | D:5      | Reached skill level 5 in Spellcasting
  6361 | D:5      | Reached skill level 7 in Conjurations
  6361 | D:5      | Reached XP level 8. HP: 47/57 MP: 2/16
  6566 | D:5      | Noticed a troll
  6590 | D:5      | Killed a troll
  7127 | D:5      | Found a runed translucent gate.
  7127 | D:5      | Found a runed translucent gate.
  7127 | D:5      | Found a runed translucent gate.
  7128 | D:5      | Noticed gdog's ghost (weakling GnDe)
  7189 | D:5      | Killed gdog's ghost
  7201 | D:5      | Reached skill level 8 in Conjurations
  7476 | D:6      | Learned a level 4 spell: Iskenderun's Mystic Blast
  7526 | D:6      | Learned a level 4 spell: Fulminant Prism
  7633 | D:6      | Reached XP level 9. HP: 62/62 MP: 9/19
  8523 | D:6      | Found a shadowy altar of Dithmenos.
  8751 | D:7      | Learned a level 3 spell: Ozocubu's Armour
  8773 | D:7      | Reached skill level 9 in Conjurations
  8903 | D:7      | Reached skill level 5 in Staves
  9287 | D:7      | Found a staircase to the Ecumenical Temple.
  9980 | D:8      | Identified the +14 plate armour of Boiling Hail {rF+ Will+
                  | Regen+ Str-4}
 10226 | D:8      | Noticed Psyche
 10229 | D:8      | Noticed a two-headed ogre
 10232 | D:8      | Killed Psyche
 10422 | D:8      | Killed a two-headed ogre
 10423 | D:8      | Reached skill level 10 in Conjurations
 10423 | D:8      | Reached XP level 10. HP: 25/69 MP: 9/22
 11669 | D:9      | Found a staircase to the Lair.
 12072 | D:9      | Found a glowing silver altar of Zin.
 12090 | D:9      | Found a sparkling altar of Nemelex Xobeh.
 12326 | D:9      | Reached skill level 11 in Conjurations
 12582 | D:9      | Found Otigyu's Distillery.
 12739 | D:9      | Bought a potion of curing for 42 gold pieces
 12739 | D:9      | Bought a potion of invisibility for 112 gold pieces
 12739 | D:9      | Bought 2 potions of haste for 280 gold pieces
 13153 | D:9      | Noticed Joseph
 13190 | D:9      | Killed Joseph
 13545 | D:9      | Learned a level 4 spell: Olgreb's Toxic Radiance
 13660 | D:10     | Entered Level 10 of the Dungeon
 13822 | D:10     | Noticed Erica
 13832 | D:10     | HP: 2/69 [acid dragon/splash of acid (27)]
 13836 | D:10     | Killed from afar by an acid dragon

Illustrated notes

Levels and vault maps discovered:
D:1:      wander_arrival_estate, layout_rooms, minmay_misc_feat_rows
D:2:      layout_loops_corners, ebering_ecumenical_altar_abandoned,
          hangedman_abyss_or_decor_stabs
D:3:      layout_basic, gammafunk_ghost_mausoleum,
          hangedman_abyss_or_decor_lesser_grid, grunt_ministairs_12,
          minmay_ogre_servants
D:4:      layout_basic, kennysheep_minor_cross, dk_vineyard_1,
          palyth_stone_intersect
D:5:      layout_rooms, serial_glass, glass_columns_a, glass_columns_b,
          gammafunk_ghost_necromancy, grunt_decor_clamped, grunt_ministairs_7,
          serial_bayou_pond_a, minmay_manual_mess
D:6:      layout_gridville, old_standard_altar, feat_on_display
D:7:      layout_basic, minmay_temple_entry_nine_rooms, feat_on_display
D:8:      layout_layer_cave, uniq_psyche
D:9:      layout_rooms, mainiacjoe_overflow_catch_the_wave, serial_ice,
          serial_ice_g, serial_ice_c, serial_ice_i, serial_ice_d, serial_shops,
          shop, enter_bailey_3, lemuel_flamethrower_hall, uniq_joseph
D:10:     layout_loops_corners, old_standard_altar, erik_orc_1,
          wad_floor_pattern_untrapped, uniq_erica, uniq_sonja

Skill      XL: |  1  2  3  4  5  6  7  8  9 10 |
---------------+-------------------------------+-----
Stealth        | 2 |  2.0
Dodging        | 2 3 |  3.2
Spellcasting   | 3 4 5 7 8 9 |  9.9
Conjurations   | 5 6 7 8 10 11 | 11.3
Staves         | 1 2 4 5 6 |  6.8

Action                   |  1- 3 |  4- 6 |  7- 9 | 10-12 || total
-------------------------+-------+-------+-------+-------++-------
Melee: Mace              |     6 |       |       |       ||     6
       Dagger            |     6 |     7 |       |       ||    13
       Tailslap          |     3 |     1 |    18 |     2 ||    24
       Staff             |       |     2 |    79 |    30 ||   111
 Cast: Magic Dart        |    16 |     5 |     5 |     3 ||    29
       Searing Ray       |    27 |    25 |    91 |    31 ||   174
       Dazzling Flash    |       |       |     4 |     3 ||     7
       Tukima's Dance    |       |       |     7 |     6 ||    13
       Iskenderun's Myst |       |       |     5 |     7 ||    12
       Fulminant Prism   |       |       |     5 |     6 ||    11
       Ozocubu's Armour  |       |       |     3 |     2 ||     5
 Abil: Breathe Noxious F |       |       |    17 |     3 ||    20
Evoke: Wand              |       |       |     1 |     2 ||     3
  Use: Potion            |       |     3 |     4 |     2 ||     9
       Scroll            |       |    10 |     8 |     1 ||    19
 Stab: Confused          |       |       |     2 |       ||     2
       Distracted        |       |       |       |     1 ||     1
Armor: Skin              |    12 |     8 |    54 |    23 ||    97
Dodge: Dodged            |    14 |    32 |   100 |    57 ||   203
